 Dungeon Crawl Stone Soup version 0.28.0-49-g6dfe1f597d (webtiles) character file.

Game seed: 17167694207970194645

51 Gabide the Poker (level 4, 0/35 HPs)
             Began as a Human Monk on May 12, 2022.
             Slain by an adder (1 damage)
             ... on level 2 of the Dungeon.
             The game lasted 00:01:47 (1291 turns).

Gabide the Poker (Human Monk)                       Turns: 1291, Time: 00:01:47

Health: 0/35       AC:  2    Str: 13    XL:     4   Next: 5%
Magic:  4/4        EV: 12    Int: 11    God:
Gold:   85         SH:  4    Dex: 15    Spells: 3/3 levels left

rFire   . . .      SeeInvis .   a - +1 spear
rCold   . . .      Faith    .   d - +0 buckler
rNeg    . . .      Spirit   .   b - +0 robe
rPois   .          Reflect  .   (no helmet)
rElec   .          Harm     .   (no cloak)
rCorr   .          Rampage  .   (no gloves)
Will    .....                   (no boots)
Stlth   ++........              (no amulet)
HPRegen 0.11/turn               (no ring)
MPRegen 0.09/turn               (no ring)

@: lethally poisoned (0 -> -6), attractive
A: no striking features
a: no special abilities


You were on level 2 of the Dungeon.
You visited 1 branch of the dungeon, and saw 2 of its levels.

You collected 85 gold pieces.

Inventory:

Hand Weapons
 a - a +1 spear (weapon)
Armour
 b - a +0 robe (worn)
 d - a +0 buckler (worn)
Scrolls
 f - a scroll of torment {unknown}


   Skills:
 - Level 3.0 Fighting
 * Level 4.1 Polearms
 - Level 3.0 Dodging
 - Level 2.0 Stealth
 * Level 1.7 Shields


You had 3 spell levels left.
You didn't know any spells.
Your spell library contained the following spells:

 Spells                   Type           Power      Damage    Failure   Level
 Dazzling Flash           Conj/Hex       0%         N/A       80%         3
 Agony                    Necr           0%         N/A       100%        5
 Silence                  Hex/Air        0%         N/A       100%        5


Dungeon Overview and Level Annotations

Branches:
Dungeon (2/15)

Altars:


Message History

You hit the adder.
The adder is almost dead.
The adder bites you.
You hit the adder.
You kill the adder!
The adder closely misses you.
You have reached level 4!
You feel clever.
You closely miss the adder. The adder bites you but does no damage.
You hit the adder.
The adder is lightly wounded.
The adder completely misses you.
You closely miss the adder.
The adder is lightly wounded.
The adder barely misses you.
You barely miss the adder.
The adder is lightly wounded.
You block the adder's attack. The adder misses you.
You miss the adder.
The adder is lightly wounded.
The adder barely misses you.
You closely miss the adder. The adder closely misses you.
You closely miss the adder. The adder bites you.
* * * LOW HITPOINT WARNING * * *
You are poisoned.
The adder poisons you!
It was a potion of attraction.
You feel attractive to monsters.
You feel sick. The adder bites you.
* * * LOW HITPOINT WARNING * * *
The adder bites you.
* * * LOW HITPOINT WARNING * * *
You are more poisoned.
The adder poisons you!
As you read the scroll labelled BUTUONL BOREA, it crumbles to dust.
It is a scroll of enchant weapon.
Your +0 spear glows red for a moment.
* * * LOW HITPOINT WARNING * * *
You feel sick. The adder bites you.
You die...

.................
#...........#.####
#...........#.. ..
..........†..#.# .#
##..⌠........#.# .#
#.........S...# .#
#.....####..#.# .#
####### #..#h##.#
######...hS@.#
#.....#.#.####
#.....#.#.#
#.....#.#.#
+.....#.#.####.#
#.....#.#......#
.####.....#..........
.....................
.#####..#####.#######


You could see an adder and 2 jackals.

Vanquished Creatures
  An adder (D:2)
  A dart slug (D:1)
  5 bats
  3 endoplasms (D:1)
  3 giant cockroaches
  3 goblins (D:1)
  2 hobgoblins (D:1)
  4 jackals
  2 quokkas (D:1)
  2 ball pythons (D:1)
  2 frilled lizards (D:1)
  3 kobolds (D:1)
  5 rats
36 creatures vanquished.

Notes
Turn   | Place    | Note
-------+----------+-------------------------------------------
     0 | D:1      | Gabide the Human Monk began the quest for the Orb.
     0 | D:1      | Reached XP level 1. HP: 18/18 MP: 1/1
   340 | D:1      | Reached XP level 2. HP: 24/24 MP: 2/2
   615 | D:1      | Reached XP level 3. HP: 29/29 MP: 3/3
   661 | D:1      | Reached skill level 1 in Shields
  1021 | D:1      | Reached skill level 4 in Polearms
  1283 | D:2      | Reached XP level 4. HP: 11/35 MP: 4/4
  1291 | D:2      | HP: 1/35 [poisoned by an adder]
  1291 | D:2      | Slain by an adder

Illustrated notes

Levels and vault maps discovered:
D:1:      kilobyte_arrival_exit_the_forest, layout_loops_ring, st_stairs_11,
          glass_columns_c, kennysheep_flooded_box
D:2:      layout_basic, basic_altar, solitary_fountain, hex_large, st_stairs_11,
          roderic_nine_men_s_morris

Skill      XL: |  1  2  3 |
---------------+----------+-----
Shields        | 1 |  1.7
Polearms       | 4 |  4.1
Fighting       | |  3.0
Dodging        | |  3.0
Stealth        | |  2.0

Action                   |  1- 3 |  4- 6 || total
-------------------------+-------+-------++-------
Melee: Spear             |   141 |     7 ||   148
  Use: Scroll            |       |     1 ||     1
       Potion            |       |     1 ||     1
 Stab: Sleeping          |     9 |       ||     9
Armor: Robe              |    24 |     1 ||    25
Dodge: Dodged            |    66 |     5 ||    71
Block: Buckler           |    10 |     1 ||    11
